 Dungeon Crawl Stone Soup version 0.02-213-g07563d0 (webtiles) character file.

Game seed: 5301790015648441202, levelgen mode: deterministic

1236 Kalegnar the Ruffian (level 8, -5/78 HPs) Troll Demonspawn. Began on Nov 20, 2020. Slain by a sewer rat (9 damage) ... on level 2 of the Dungeon. The game lasted 00:12:05 (1849 turns).

Kalegnar the Ruffian (Troll Demonspawn)             Turns: 1849, Time: 00:12:06

Health: -5/78      AC:  7    Str: 24    XL:     8 ^: 1032
Magic:  8/8        EV:  7    Int:  8    God:
Gold:   117        SH:  5    Dex: 10    Spells: 8/9 levels left

rFire    + . .     Vision   .   p - +0 targe
rCold    . . .     Gourm    +     - Unarmed
rNeg     . . .     Faith    .   m - +1 robe
rPois    +         Spirit   .   (helmet restricted)
rElec    .         Reflect  .   (no cloak)
rCorr    .         Harm     .   (gloves unavailable)
MR       .....     Clarity  +   (boots unavailable)
Stlth    +.........             (no amulet)
HPRegen  2.76/turn              r - ring of poison resistance
MPRegen  0.18/turn              (no ring)

@: no status effects
A: large, unfitting armour, antennae 1, claws 3, clarity, fire resistance 1,
fast metabolism 3, gourmand, powered by death 1, regeneration 1, shaggy fur 1,
tough skin 3, MP-powered wands
a: no special abilities


You were on level 2 of the Dungeon.
You were very full.

You visited 1 branch of the dungeon, and saw 2 of its levels.

You collected 117 gold pieces.

Inventory:

Shields
 p - a +0 targe (weapon)
Armour
 m - a +1 robe (worn)
Jewellery
 r - a ring of poison resistance (left claw)
 s - a cursed ring of resist corrosion {(Curse: *Drain MR-)}
 t - a cursed ring of protection {(Curse: -Vis)}
Wands
 q - a wand of flame (1)
Scrolls
 a - a scroll of teleportation
 b - a scroll of acquirement
 d - a scroll of amnesia
 h - a scroll of blinking
 i - a scroll of bless item
Potions
 e - 2 potions of agility
 f - a potion of brilliance
 g - a potion of heal wounds
 j - 2 potions of lignification
 k - a potion of curing
 n - a potion of ambrosia
 o - a potion of might
 u - 2 potions of haste
Comestibles
 c - 3 rations
 l - 5 chunks of flesh


   Skills:
 + Level 4.2 Fighting
 - Level 3.0 Dodging
 - Level 1.0 Stealth
 + Level 1.3 Shields
 * Level 7.1 Unarmed Combat
 - Level 1.0 Spellcasting
 - Level 1.3 Fire Magic
   Level 2.4 Invocations


You had 8 spell levels left.
You knew the following spells:

 Your Spells              Type           Power        Failure   Level  Hunger
a - Flame Tongue          Fire           2 (30)       85%         1    ##.....

Your spell library contained the following spells:

 Spells                   Type           Power        Failure   Level  Hunger
 Blink                    Tloc           N/A          99%         2    ###....
 Call Imp                 Summ           0 (100)      99%         2    ###....
 Slow                     Hex            0 (100)      99%         2    ###....
 Conjure Flame            Fire           2 (100)      99%         3    ####...
 Mephitic Cloud           Pois/Air       0 (100)      100%        3    ####...


Dungeon Overview and Level Annotations

Branches:
Dungeon (2/8)

Altars:
Yredelemnul


Innate Abilities, Weirdness & Mutations

You are too large for most types of armour.
You have a pair of small antennae on your head.
You have claws for hands. (+6 Unarmed)
Your metabolism is lightning-fast.
You like to eat raw meat.
You regenerate a little health from kills.
Your natural rate of healing is unusually fast.
You are covered in fur. (AC +1)
You have extremely tough skin. (AC +3)
You possess an exceptional clarity of mind.
You are heat resistant. (rF+)
You expend magic power (3 MP) to strengthen your wands.


Message History

The sewer rat barely misses you (0).
The sewer rat bites you but does no damage. x2
You block the sewer rat's attack.
You hit the sewer rat but do no damage. You scratch the sewer rat (1).
The sewer rat is lightly wounded. (11/12) HP The sewer rat bites you (4).
* * * LOW HITPOINT WARNING * * *
The sewer rat bites you (4).
* * * LOW HITPOINT WARNING * * *
You block the sewer rat's attack.
The sewer rat bites you but does no damage.
The sewer rat bites you (6).
* * * LOW HITPOINT WARNING * * *
The sewer rat bites you but does no damage.
The sewer rat bites you (6).
* * * LOW HITPOINT WARNING * * *
The sewer rat bites you (1).
* * * LOW HITPOINT WARNING * * *
The sewer rat bites you (9)!
You die...

.. .≈≈≈≈≈P≈# #.... .≈#
#≈≈≈≈≈P## ##...
##.######≈≈≈≈P≈≈######..≈
≈....≈≈≈≈≈≈≈≈≈≈≈≈.≈≈≈≈...
≈≈.≈≈≈≈≈≈≈≈≈≈≈≈≈≈≈≈≈≈≈≈≈≈
≈≈≈≈≈≈≈≈≈≈≈≈;≈;≈.≈≈≈≈≈≈≈≈
≈≈≈≈≈≈≈†r.........≈≈≈≈≈≈≈
≈.≈≈≈≈rrr..≈≈.≈≈≈≈≈≈≈≈≈≈≈
..≈≈≈≈≈r@r..≈.≈≈≈≈≈≈≈≈≈≈≈
.≈≈≈≈≈≈≈.≈≈....≈≈≈.≈≈≈≈≈≈
...≈≈≈≈≈≈≈≈†≈≈..≈..≈≈≈≈≈.
#########≈≈≈≈≈..#####≈#≈.
#≈≈≈≈≈.## #≈≈# #≈≈≈≈≈.#
### #≈≈≈≈≈≈# ### #≈≈≈≈;≈#
##.. #≈≈≈≈≈≈# #≈.≈


You could see 6 submerged sewer rats and 3 neutral slimeheads (passive).

Vanquished Creatures
  Duvessa (D:2)
  2 crocodiles (D:2)
  5 big kobolds (D:2)
  Dowan (D:2)
  5 jellies (D:2)
  Natasha (thrice) (D:2)
  A merfolk siren (D:2)
  5 giant cockroaches
  6 adders (D:2)
  10 sewer rats
  12 cinder newts
  2 oozes (D:2)
  A dart slug (D:1)
  5 leopard geckos (D:2)
  An adder skeleton (D:2)
  6 goblins (D:1)
  8 hobgoblins (D:1)
  2 ball pythons (D:1)
  13 bats
  2 bat skeletons (D:2)
  A hobgoblin skeleton (D:2)
  11 kobolds
  8 rats (D:1)
  A withered plant (D:2)
112 creatures vanquished.

Vanquished Creatures (others)
  A jelly (D:2)
  A worm (D:2)
  2 ball pythons (D:2)
  6 kobolds (D:2)
  A giant blowfly (D:2)
  148 withered plants (D:2)
159 creatures vanquished.

Grand Total: 271 creatures vanquished

Notes
Turn   | Place    | Note
-------+----------+-------------------------------------------
     0 | D:1      | Kalegnar the Troll Demonspawn began the quest for the Orb.
     0 | D:1      | Reached XP level 1. HP: 18/18 MP: 1/1
    58 | D:1      | Reached skill level 1 in Fighting
   133 | D:1      | Identified a scroll of acquirement
   199 | D:1      | Gained mutation: You regenerate a little health from kills.
                  | [demonic ancestry]
   199 | D:1      | Reached XP level 2. HP: 27/27 MP: 2/2
   206 | D:1      | Gained mutation: You expend magic power (3 MP) to
                  | strengthen your wands. [potion of mutation]
   206 | D:1      | Gained mutation: You are heat resistant. (rF+) [potion of
                  | mutation]
   206 | D:1      | Gained mutation: You possess an exceptional clarity of
                  | mind. [potion of mutation]
   308 | D:1      | Reached XP level 3. HP: 32/35 MP: 3/3
   373 | D:1      | Reached skill level 3 in Unarmed Combat
   390 | D:1      | Reached XP level 4. HP: 42/42 MP: 4/4
  1069 | D:2      | Gained mutation: You have a pair of small antennae on your
                  | head. [demonic ancestry]
  1069 | D:2      | Reached XP level 5. HP: 50/50 MP: 5/5
  1083 | D:2      | Reached skill level 4 in Unarmed Combat
  1170 | D:2      | Noticed Dowan
  1172 | D:2      | Noticed Duvessa
  1187 | D:2      | Killed Duvessa
  1187 | D:2      | Reached skill level 5 in Unarmed Combat
  1187 | D:2      | Reached XP level 6. HP: 31/61 MP: 6/6
  1205 | D:2      | Killed Dowan
  1274 | D:2      | Reached XP level 7. HP: 66/67 MP: 7/7
  1376 | D:2      | Noticed Natasha
  1381 | D:2      | Killed Natasha
  1381 | D:2      | Reached skill level 6 in Unarmed Combat
  1400 | D:2      | Found a basalt altar of Yredelemnul.
  1468 | D:2      | Noticed Natasha
  1474 | D:2      | Killed Natasha
  1567 | D:2      | Noticed Natasha
  1582 | D:2      | Killed Natasha
  1633 | D:2      | Reached XP level 8. HP: 68/78 MP: 8/8
  1729 | D:2      | Reached skill level 1 in Shields
  1729 | D:2      | Reached skill level 7 in Unarmed Combat
  1848 | D:2      | HP: 2/78 [sewer rat (6)]
  1849 | D:2      | Slain by a sewer rat

Levels and vault maps discovered:
D:1:      dpeg_chamrin_arrival_tetris, layout_loops_corners,
          portal_sewer_entry_b
D:2:      layout_sewer, lemuel_doored_altar, st_mermaid_room, first_ration,
          corexii_item_surrounded_by_moat, uniq_duvessa, uniq_natasha

Skill      XL: |  1  2  3  4  5  6  7  8 |
---------------+-------------------------+-----
Fighting       | 1 2 3 4 |  4.2
Unarmed Combat | 3 5 6 7 |  7.1
Dodging        | 3 |  3.0
Shields        | 1 |  1.3
Stealth        | |  1.0
Spellcasting   | |  1.0
Fire Magic     | |  1.3
Invocations    | |  2.4

Action                   |  1- 3 |  4- 6 |  7- 9 || total
-------------------------+-------+-------+-------++-------
Melee: Unarmed           |    77 |   186 |   220 ||   483
       Targe             |       |       |    76 ||    76
  Use: Potion            |     1 |       |       ||     1
 Stab: Sleeping          |     2 |     2 |     1 ||     5
  Eat: Chunk             |     9 |     8 |     6 ||    23
Armor: Robe              |     6 |    14 |    87 ||   107
Dodge: Dodged            |    13 |    25 |    56 ||    94
Block: Targe             |       |       |    22 ||    22
